 Dungeon Crawl Stone Soup version 0.17-a0-1460-g8163d8a (webtiles) character file.

337 zeke the Shield-Bearer (level 6, -3/57 HPs)
             Began as a Deep Dwarf Fighter on June 30, 2015.
             Shot with an arrow of frost by a centaur (11 damage)
             ... on level 5 of the Dungeon.
             The game lasted 00:13:55 (3499 turns).

zeke the Shield-Bearer (Deep Dwarf Fighter)         Turns: 3499, Time: 00:13:56

Health: -3/57      AC:  8    Str: 20    XL:     6   Next: 28%
Magic:  8/8        EV:  8    Int:  8    God:
Gold:   171        SH: 10    Dex: 14    Spells: 0 memorised, 5 levels left

rFire  . . .     SeeInvis .     a - +0 flail
rCold  . . .     Clarity  .     b - +0 scale mail
rNeg   . . .     SustAt   .     c - +0 shield
rPois  .         Gourm    .     (no helmet)
rElec  .         Spirit   .     (no cloak)
rCorr  .         Warding  .     (no gloves)
rMut   .         Stasis   .     p - +0 pair of boots
MR     .....                    (no amulet)
Stlth  ..........               (no ring)
                                (no ring)

@: non-regenerating, not resistant to hostile enchantments, extremely unstealthy
A: damage resistance, recharge devices, sense surroundings 1, slow healing 3
a: Device Recharging


You were on level 5 of the Dungeon.
You were very hungry.

You visited 1 branch of the dungeon, and saw 5 of its levels.

You collected 171 gold pieces.

Inventory:

Hand weapons
 a - a +0 flail (weapon)
Armour
 b - a +0 scale mail (worn)
 c - a +0 shield (worn)
 p - a +0 pair of boots (worn)
Magical staves
 o - an uncursed staff of cold
Magical devices
 e - a wand of heal wounds (6)
Scrolls
 h - 2 scrolls of identify
 k - a scroll of teleportation
 m - a scroll of recharging
Potions
 d - a potion of might
 g - 3 potions of curing
 l - a potion of invisibility {unknown}
 s - a potion of haste {unknown}
 t - a potion of ambrosia {unknown}
 u - a potion of poison {unknown}
Books
 v - a Grand Grimoire

   Spells                             Type                      Level
   a - Monstrous Menagerie            Summoning                    6
   b - Summon Greater Demon           Summoning                    7
   c - Malign Gateway                 Summoning/Translocation      7
   d - Summon Horrible Things         Summoning                    8
Comestibles
 f - 4 bread rations
 i - 6 fruits
 n - 3 beef jerkies
 r - a slice of pizza


   Skills:
 + Level 3.8 Fighting
 + Level 3.2 Maces & Flails
 + Level 4.2 Armour
 + Level 2.2 Dodging
 + Level 0.3 Stealth
 + Level 4.4 Shields
 * Level 2.7 Evocations


You had 5 spell levels left.
You didn't know any spells.

Dungeon Overview and Level Annotations

Branches:
Dungeon (5/15)
 Temple: D:4-7

Altars:


Innate Abilities, Weirdness & Mutations

You are resistant to damage.
You can recharge devices by infusing magical energy.
You passively map a small area around you.
You do not heal naturally.


Message History

The orc is moderately wounded.
The jackal bites you but does no damage.
You block the jackal's attack. You block the orc's attack.
You hit the orc.
The orc is almost dead.
You block the jackal's attack. The jackal barely misses you.
The orc hits you but does no damage.
You barely miss the orc.
The orc is almost dead.
The jackal barely misses you.
The jackal bites you but does no damage.
You block the orc's attack.
You barely miss the orc.
The orc is almost dead.
The jackal barely misses you. You block the orc's attack.
You hit the orc.
You kill the orc!
You block the jackal's attack.
The centaur wields a shortbow.
The centaur shoots an arrow of frost.
The arrow of frost hits you!
You die...

, , , * ,
...... , ,,
>.... , . , ,
?... * ,.. ,
* ,... ,.##
*, * .. ?...
, * , ,
c###...#. *
*#)h...... ,
* #@# , ** *
,* #.# ,#
...###.###.#
...:.....<..#
, ,
........#####
* ######### ,
** ,* * , ,


You could see a centaur and a jackal.

Vanquished Creatures
  The ghost of foxkol the Skirmisher, an average DrCK of Xom (D:3)
  2 orc wizards (D:5)
  2 worker ants (D:4)
  5 adders
  5 worms
  8 orcs
  3 giant cockroaches
  13 goblins
  8 hobgoblins
  9 jackals
  11 kobolds
  3 quokkas
  A ball python (D:3)
  5 bats
  4 giant geckos
  4 giant newts
  11 rats
95 creatures vanquished.

Notes
Turn   | Place    | Note
--------------------------------------------------------------
     0 | D:1      | zeke the Deep Dwarf Fighter began the quest for the Orb.
     0 | D:1      | Reached XP level 1. HP: 20/20 MP: 1/1
   222 | D:1      | Reached XP level 2. HP: 22/27 MP: 2/2
  1081 | D:2      | Reached XP level 3. HP: 21/34 MP: 3/3
  1208 | D:2      | Reached skill level 1 in Dodging
  1569 | D:3      | Reached XP level 4. HP: 38/42 MP: 4/4
  1647 | D:3      | Noticed foxkol's ghost (average DrCK)
  1698 | D:3      | Reached skill level 1 in Evocations
  1961 | D:3      | Reached skill level 4 in Shields
  2126 | D:3      | Killed foxkol's ghost
  2126 | D:3      | Reached XP level 5. HP: 35/49 MP: 6/6
  2989 | D:4      | Reached XP level 6. HP: 34/57 MP: 8/8
  3468 | D:5      | Entered Level 5 of the Dungeon
  3499 | D:5      | Shot with an arrow of frost by a centaur

Vault maps used:
D:1:      lightli_arrival_chessboard
D:4:      first_bread
D:5:      minitemple, yredelemnul_altar_generic, basic_altar

Action                   |  1- 3 |  4- 6 || total
-------------------------+-------+-------++-------
Melee: Flail             |   148 |   179 ||   327
Evoke: Wand              |     1 |     1 ||     2
  Use: Scroll            |       |     6 ||     6
  Eat: Chunk             |     2 |     6 ||     8
